 Dungeon Sprint DCSS version 0.27-a0-1248-g57ac2eb73c (webtiles) character file.

Game seed: 1507191155781923719

509 27snakeeyes612 the Carver (level 6, -5/67 HPs)
             Began as a Minotaur Berserker on June 10, 2021.
             Was an Elder of Trog.
             Slain by a wyvern (9 damage)
             ... in the Dungeon (Sprint IX: "|||||||||||||||||||||||||||||").
             The game lasted 00:00:56 (211 turns).

27snakeeyes612 the Carver (Minotaur Berserker)       Turns: 211, Time: 00:00:57

Health: -5/67      AC:  9    Str: 24    XL:     6   Next: 98%
Magic:  5/5        EV: 11    Int:  4    God:    Trog [****..]
Gold:   0          SH:  0    Dex:  9    Spells: 5/5 levels left

rFire    . . .     SeeInvis .   p - +2 dire flail (vorpal)
rCold    . . .     Faith    .   (shield currently unavailable)
rNeg     . . .     Spirit   .   m - +1 scale mail
rPois    .         Reflect  .   (helmet restricted)
rElec    .         Harm     .   n - +0 cloak
rCorr    .         Rampage  .   (no gloves)
Will     ++...     NoTele   +   (no boots)
Stlth    ..........             (no amulet)
HPRegen  1.21/turn              (no ring)
MPRegen  0.09/turn              (no ring)

@: strong-willed, on berserk cooldown, regenerating, slowed, very slow
A: horns 2, retaliatory headbutt
a: Renounce Religion, Berserk, Trog's Hand, Brothers in Arms


You were in the Dungeon.
You worshipped Trog.
Trog was greatly pleased with you.
You visited 1 branch

Inventory:

Hand Weapons
 a - a +0 falchion
 o - a +1 broad axe of freezing
 p - a +2 vorpal dire flail (weapon)
Armour
 b - a +0 animal skin
 m - a +1 scale mail (worn)
 n - a +0 cloak (worn)
Jewellery
 k - a +3 ring of strength
 l - a +3 ring of dexterity
Wands
 j - a wand of acid (10)
Scrolls
 h - 2 scrolls of blinking
Potions
 c - 5 potions of curing
 d - 3 potions of heal wounds
 e - a potion of haste
 f - 4 potions of magic
 g - a potion of berserk rage
 i - a potion of invisibility


   Skills:
 + Level 10.9 Fighting
 + Level 11.6 Long Blades
 + Level 3.2 Maces & Flails
 + Level 5.7 Armour
 + Level 6.2 Dodging
 + Level 0.4 Stealth


You had 5 spell levels left.
You didn't know any spells.
Your spell library was empty.

Dungeon Overview and Level Annotations

Branches:
Dungeon (1/1)

Altars:
Cheibriados
Dithmenos
Elyvilon
Fedhas
Gozag
Hepliaklqana
Kikubaaqudgha
Makhleb
Nemelex Xobeh
Okawaru
Qazlal
Ru
Sif Muna
Trog
Uskayaw
Vehumet
Wu Jian
Xom
Yredelemnul
Zin
The Shining One
Beogh
Jiyva
Lugonu


Innate Abilities, Weirdness & Mutations

You have a pair of horns on your head.
You reflexively headbutt those who attack you in melee.


Message History

Your Armour skill increases to level 5!
Your Dodging skill increases to level 6!
You closely miss the orc warrior.
You headbutt the orc warrior, but do no damage.
The orc warrior hits you with a +0 scimitar.
You barely miss the orc warrior. You barely miss the orc warrior.
The orc warrior hits you but does no damage.
You hit the orc warrior but do no damage.
The orc warrior hits you with a +0 scimitar!
You closely miss the orc warrior.
The orc warrior hits you with a +0 scimitar!
You closely miss the orc warrior. Your headbutt misses the orc warrior.
The orc warrior barely misses you. You furiously retaliate!
You headbutt the orc warrior! You puncture the orc warrior!
You kill the orc warrior!
Trog accepts your kill.
You closely miss the wyvern. Your headbutt misses the wyvern.
The wyvern misses you. The wyvern bites you!
You closely miss the wyvern. The wyvern bites you.
You puncture the wyvern!
The wyvern is moderately wounded.
The wyvern bites you but does no damage.
You thump the wyvern!
The wyvern is severely wounded.
You are no longer berserk.
You are exhausted.
You feel yourself slow down. The wyvern bites you! x2
You puncture the wyvern!
The wyvern is almost dead.
The wyvern bites you!
* * * LOW HITPOINT WARNING * * *
The wyvern barely misses you.
You closely miss the wyvern.
The wyvern is almost dead.
The wyvern bites you!
* * * LOW HITPOINT WARNING * * *
The wyvern bites you!
You die...

▓)▓
▓.▓
▓.▓
▓.▓
▓.▓
▓†▓
▓†▓
▓.▓
▓@▓
▓l▓
▓W▓
▓y▓
▓_▓
▓_▓
▓_▓
▓_▓
▓_▓


You could see a wraith, a wyvern and a killer bee.

Vanquished Creatures
  A troll (D)
  A yak (D)
  An orc warrior (D)
  A jelly (D)
  A hound (D)
  An adder (D)
  A ball python (D)
  An endoplasm (D)
  A goblin (D)
  A hobgoblin (D)
  A jackal (D)
  A quokka (D)
  A quokka skeleton (D)
13 creatures vanquished.

Notes
Turn   | Place    | Note
-------+----------+-------------------------------------------
     0 | D        | 27snakeeyes612 the Minotaur Berserker began the quest for
                  | the Orb.
     0 | D        | Reached XP level 1. HP: 19/19 MP: 0/0
     6 | D        | Reached skill level 4 in Long Blades
     9 | D        | Reached ** piety under Trog
    17 | D        | Noticed a jelly
    17 | D        | Noticed a hound
    24 | D        | Reached skill level 5 in Fighting
    24 | D        | Reached skill level 5 in Long Blades
    24 | D        | Reached XP level 2. HP: 11/29 MP: 1/1
    24 | D        | Reached *** piety under Trog
    25 | D        | Reached skill level 6 in Long Blades
    25 | D        | Reached XP level 3. HP: 22/37 MP: 2/2
    27 | D        | Reached skill level 7 in Long Blades
    27 | D        | Reached XP level 4. HP: 27/45 MP: 3/3
    66 | D        | Found a snail-covered altar of Cheibriados.
    66 | D        | Found a shadowy altar of Dithmenos.
    66 | D        | Found a white marble altar of Elyvilon.
    66 | D        | Found a blossoming altar of Fedhas.
    66 | D        | Found an opulent altar of Gozag.
    67 | D        | Found a hazy altar of Hepliaklqana.
    68 | D        | Found a viscous altar of Jiyva.
    69 | D        | Found an ancient bone altar of Kikubaaqudgha.
    70 | D        | Found a corrupted altar of Lugonu.
    71 | D        | Found a burning altar of Makhleb.
    72 | D        | Found a sparkling altar of Nemelex Xobeh.
    73 | D        | Found an iron altar of Okawaru.
    74 | D        | Found a stormy altar of Qazlal.
    75 | D        | Found a sacrificial altar of Ru.
    76 | D        | Found a shimmering blue altar of Sif Muna.
    77 | D        | Found a bloodstained altar of Trog.
    78 | D        | Found a hide-covered altar of Uskayaw.
    79 | D        | Found a radiant altar of Vehumet.
    80 | D        | Found an ornate altar of the Wu Jian Council.
    81 | D        | Found a shimmering altar of Xom.
    82 | D        | Found a basalt altar of Yredelemnul.
    83 | D        | Found a glowing silver altar of Zin.
    84 | D        | Found a glowing golden altar of the Shining One.
   151 | D        | Noticed a troll
   151 | D        | Noticed a yak
   151 | D        | Noticed an orc warrior
   151 | D        | Noticed a wyvern
   151 | D        | Noticed a wraith
   155 | D        | Killed a troll
   155 | D        | Reached **** piety under Trog
   156 | D        | Reached skill level 10 in Long Blades
   156 | D        | Reached skill level 5 in Dodging
   156 | D        | Reached XP level 5. HP: 12/57 MP: 4/4
   156 | D        | Reached XP level 6. HP: 14/64 MP: 5/5
   198 | D        | Killed a yak
   199 | D        | Reached skill level 10 in Fighting
   199 | D        | Reached skill level 11 in Long Blades
   199 | D        | Reached skill level 5 in Armour
   205 | D        | Killed an orc warrior
   211 | D        | Slain by a wyvern

Illustrated notes

Levels and vault maps discovered:
D:        linesprint [early_d, line_temple, items_1, d_10, items_2, lair_1,
          lair_end, items_3, orc_1, orc_end, items_4, d_15, swamp_1, shoals_1,
          snake_1, spider_1, d_20, vaults_1, items_5, swamp_end, shoals_end,
          snake_end, spider_end, vaults_end, d_27, items_6, zot_1, zot_end,
          crypt_end, forest_end, elf_end, slime_end, tomb_end, abyss_end,
          pan_hell_end]

Skill      XL: |  1  2  3  4  5  6 |
---------------+-------------------+-----
Fighting       | 5 6 9 10 | 10.9
Long Blades    | 5 6 7 10 11 | 11.6
Armour         | 3 4 5 |  5.7
Dodging        | 3 5 6 |  6.2
Maces & Flails | 2 3 |  3.2
Stealth        | |  0.4

Action                   |  1- 3 |  4- 6 || total
-------------------------+-------+-------++-------
Melee: Falchion          |    14 |     1 ||    15
       Headbutt          |     3 |     2 ||     5
       Dire flail        |       |    19 ||    19
Invok: Berserk           |     1 |     1 ||     2
       Trog's Hand       |       |     3 ||     3
Armor: Animal skin       |     1 |       ||     1
       Scale mail        |       |     5 ||     5
Dodge: Dodged            |    11 |    13 ||    24

Table legend: (Time is in decaauts)
 A = Elapsed time spent in this place.
 B = Non-inter-level travel time spent in this place.
 C = Inter-level travel time spent in this place.
 D = Time resting spent in this place.
 E = Time spent auto-exploring this place.
 F = Levels seen in this place.
 G = Mean time per level.
                   A        B        C        D        E       F      G
               +--------+--------+--------+--------+--------+-----+--------+
         Total |    219 |    219 |      0 |     43 |      0 |   1 |  219.0 |
       Dungeon |    219 |    219 |      0 |     43 |      0 |   1 |  219.0 |
               +--------+--------+--------+--------+--------+-----+--------+

Top non-repeatable levels by time:
       D: 219 daAuts
